 Dungeon Crawl Stone Soup version 0.31-a0-983-g7b6862f502 (webtiles) character file.

Game seed: 9980904864750815655

18 wildpjah the Gusty (level 2, 0/15 HPs)
             Began as a Tengu Air Elementalist on Nov 2, 2023.
             Succumbed to an adder's poison
             ... on level 2 of the Dungeon.
             The game lasted 00:02:21 (389 turns).

wildpjah the Gusty (Tengu Air Elementalist)          Turns: 389, Time: 00:02:23

Health: 0/15       AC:  2    Str:  8    XL:     2   Next: 70%
Magic:  5/6        EV: 12    Int: 15    God:
Gold:   0          SH:  0    Dex: 14    Spells: 4/5 levels left

rFire   . . .        c - +0 club
rCold   . . .        (no shield)
rNeg    . . .        a - +0 robe
rPois   .            (helmet restricted)
rElec   .            (no cloak)
rCorr   .            (no gloves)
SInv    .            (boots unavailable)
Will    .....        (no amulet)
Stlth   ++           (no ring)
HPRegen 0.22/turn    (no ring)
MPRegen 0.10/turn

%: acrobat
@: lethally poisoned (0 -> -5)
A: beak, talons 3, acrobatic
a: no special abilities


You were on level 2 of the Dungeon.
You visited 1 branch of the dungeon, and saw 2 of its levels.

Inventory:

Hand Weapons
 c - a +0 club (weapon)
Armour
 a - a +0 robe (worn)
Scrolls
 d - 2 scrolls of identify {unknown}


   Skills:
 + Level 2.2 Dodging
 + Level 2.3 Stealth
 + Level 2.3 Spellcasting
 + Level 1.6 Conjurations
 + Level 4.5 Air Magic


You had 4 spell levels left.
You knew the following spells:

 Your Spells              Type           Power      Damage    Failure   Level
a - Shock                 Conj/Air       40%        1d5       6%          1

Your spell library contained the following spells:

 Spells                   Type           Power      Damage    Failure   Level
 Static Discharge         Conj/Air       20%        3-4/arc   10%         2
 Swiftness                Air            15%        N/A       10%         3
 Airstrike                Air            7%         2d(2-18)  32%         4


Dungeon Overview and Level Annotations

Branches:
Dungeon (2/15)

Altars:


Innate Abilities, Weirdness & Mutations

You have a beak for a mouth.
You have claws for feet.
You can magically evade attacks while moving or waiting.


Message History

The jackal is almost dead.
The adder closely misses you.
You closely miss the adder.
The adder is lightly wounded.
The adder bites you.
You are poisoned.
The adder poisons you! The adder closely misses you.
Aiming: Shock (safe; 6% risk of failure)
Press: ? - help, Q - select action Shift-Dir - straight line The zap hits the adder.
The adder is heavily wounded.
The zap misses the adder.
The zap misses the jackal.
The zap hits the jackal.
The jackal is moderately wounded.
You feel sick. The adder misses you.
You feel sick.
You feel sick. The adder attacks as it pursues you!
The adder completely misses you. x2
You feel sick. The adder attacks as it pursues you!
The adder completely misses you.
You feel sick.
You are no longer poisoned.
You closely miss the adder.
The adder is heavily wounded.
The adder bites you. x2
You miss the adder. Your peck misses the adder.
The adder is heavily wounded.
The adder bites you.
* * * LOW HITPOINT WARNING * * *
You are lethally poisoned!
The adder poisons you! The adder bites you.
* * * LOW HITPOINT WARNING * * *
Magic courses through your body.
* * * LOW HITPOINT WARNING * * *
You feel sick. The adder barely misses you.
Aiming: Shock (safe; 6% risk of failure)
Press: ? - help, Q - select action Shift-Dir - straight line, f - adder
Aim: an adder (heavily wounded, 48% to hit)
The zap misses the adder.
The zap misses the kobold.
The zap hits the jackal.
The jackal is heavily wounded.
You die...

#.# #.# .....
##.# ...#.#
#####.##
......#+##
#.....#
......K..#
##.####
#.##†.# #.#
#.....## ##.#
###...K###..#
#...hKS@.##
###..h####
#####


You could see an adder, 2 jackals and 2 kobolds.

Vanquished Creatures
  A dart slug (D:1)
  An orc (D:2)
  3 ball pythons
  2 bats
  An endoplasm (D:1)
  A giant cockroach (D:1)
  2 quokkas
  A frilled lizard (D:1)
  3 rats (D:1)
15 creatures vanquished.

Notes
Turn   | Place    | Note
-------+----------+-------------------------------------------
     0 | D:1      | wildpjah the Tengu Air Elementalist began the quest for the
                  | Orb.
     0 | D:1      | Reached XP level 1. HP: 10/10 MP: 4/4
   151 | D:1      | Reached XP level 2. HP: 15/15 MP: 1/6
   291 | D:1      | You fall into a shaft and drop 1 floor!
   291 | D:2      | Identified the "Fazer Osh"
   389 | D:2      | Succumbed to an adder's poison

Illustrated notes

Levels and vault maps discovered:
D:1:      dpeg_arrival_connections, layout_rooms, serial_aquarium,
          aquarium_bridge_long_joined [aquarium_subvault_bridge,
          aquarium_subvault_bridge, aquarium_subvault_window,
          aquarium_subvault_window, aquarium_subvault_window,
          aquarium_subvault_window], aquarium_bridge_island_small
          [aquarium_subvault_small_open, aquarium_subvault_balcony,
          aquarium_subvault_window, aquarium_subvault_bridge,
          aquarium_subvault_bridge], aquarium_window_2, aquarium_window_1,
          aquarium_window_1, aquarium_window_1, aquarium_view_2e,
          aquarium_view_2d, aquarium_balcony_1a, aquarium_pool_split,
          minmay_crystal_water, minmay_pentomino_v4
D:2:      minmay_angry_zag, layout_rooms, minmay_joined_circles, uniq_terence,
          uniq_sigmund

Action                     || total
---------------------------++-------
  Melee: Club              ||     6
         Kick              ||     1
         Peck              ||     1
   Cast: Shock             ||    28
    Use: Potion            ||     1
 Armour: Robe              ||    11
  Dodge: Dodged            ||    27

Table legend: (Time is in decaauts)
 A = Elapsed time spent in this place.
 B = Non-inter-level travel time spent in this place.
 C = Inter-level travel time spent in this place.
 D = Time resting spent in this place.
 E = Time spent auto-exploring this place.
 F = Levels seen in this place.
 G = Mean time per level.
                   A        B        C        D        E       F      G
               +--------+--------+--------+--------+--------+-----+--------+
         Total |    390 |    390 |      0 |     38 |    247 |   2 |  195.0 |
       Dungeon |    390 |    390 |      0 |     38 |    247 |   2 |  195.0 |
               +--------+--------+--------+--------+--------+-----+--------+

Top non-repeatable levels by time:
     D:1: 291 daAuts
     D:2: 98 daAuts
